Map: Solaris LE

Players

doinwork

  • Race: Terran Terran
  • League: Diamond
  • Spawn Location: 1:00

SubN - Winner!

  • Race: Zerg Zerg
  • League: Diamond
  • Spawn Location: 7:00

VOD

Have the link to the VOD?

Description

Time

  • Played on: Dec. 24, 2023, 12:30 a.m.
  • Length: 8:12
Show
View Real Time Build Order
Export as new Build Order

doinwork Terran 

Build Orders:  

Get SALT Encoding   

  12  0:00  SCV  
  13  0:12  SCV  
  14  0:17  Supply Depot  
  14  0:24  SCV  
  15  0:38  SCV  
  15  0:40  Barracks  
  16  0:49  Barracks  
  16  0:53  SCV  
  17  0:59  Refinery  
  17  1:05  Refinery  
  17  1:09  SCV  
  18  1:21  SCV  
  19  1:33  Orbital Command  
  19  1:36  Barracks Reactor  
  19  1:41  Supply Depot  
  19  1:45  Barracks Reactor  
  19  1:59  SCV  
  20  2:11  SCV  
  20  2:13  Reaper  
  20  2:14  Reaper  
  23  2:23  Reaper x2  
  23  2:24  SCV  
  26  2:36  SCV  
  27  2:38  Command Center  
  27  2:46  Reaper x2  
  29  2:59  Reaper x2  
  31  3:06  Supply Depot, SCV  
  32  3:18  Reaper x2, SCV  
  31  3:51  Marine x4  
  33  4:08  Marine  
  33  4:09  Marine  
  34  4:17  Marine  
  34  4:18  Marine  
  34  4:26  Marine  
  32  4:35  Marine  
  32  4:36  Marine x2  
  32  4:44  Marine  
  30  4:53  Marine  
  30  4:59  Command Center  
  31  5:04  Marine x3  
  34  5:11  Marine  
  34  5:13  Barracks  
  35  5:15  Supply Depot, Barracks, Factory  
  35  5:23  Marine x2  
  35  5:26  Marine  
  38  5:37  Marine  
  38  5:41  Marine  
  40  5:44  Marine x2  
  40  5:48  SCV  
  43  5:55  Marine  
  44  5:58  Marine  
  44  6:01  Factory Reactor  
  44  6:03  Barracks Tech Lab  
  45  6:05  Barracks Tech Lab  
  45  6:06  Marine x2  
  47  6:24  Marine  
  47  6:25  Marine x2  
  50  6:31  Stimpack, Combat Shield  
  50  6:38  Starport, Widow Mine  
  50  6:39  Widow Mine  
  54  6:47  Marine  
  54  6:48  Marine x5  
  60  7:05  Marine  
  60  7:06  Marine x3  
  34  7:30  Marine x6  
  34  7:32  Widow Mine  
  38  7:37  Widow Mine  
  33  7:48  Marine x2  
Show
View Real Time Build Order
Export as new Build Order

SubN Zerg - Winner!

Build Orders: Pool First 

Get SALT Encoding   

  12  0:00  Drone  
  13  0:12  Overlord  
  13  0:18  Drone  
  14  0:30  Drone x2  
  14  0:34  Drone  
  17  0:44  Drone  
  17  0:47  Extractor  
  17  0:52  Spawning Pool  
  16  1:13  Hatchery  
  16  1:16  Drone  
  16  1:20  Drone  
  16  1:23  Drone  
  18  1:28  Drone  
  19  1:40  Queen  
  19  1:43  Drone  
  22  1:49  Metabolic Boost  
  22  1:57  Overlord  
  22  2:02  Overlord  
  22  2:18  Queen  
  24  2:26  Drone x3  
  27  2:34  Queen  
  29  2:41  Drone x2  
  31  2:46  Drone  
  31  2:50  Zergling x6  
  35  2:52  Zergling x2  
  36  3:04  Zergling x4  
  37  3:45  Drone x7  
  44  4:00  Hatchery, Overlord x3  
  44  4:02  Queen  
  44  4:05  Zergling x2  
  44  4:12  Overlord  
  38  4:32  Drone x5  
  38  4:33  Drone x5  
  44  4:54  Drone x2  
  44  4:55  Drone  
  47  5:06  Extractor  
  46  5:07  Extractor  
  46  5:08  Extractor  
  43  5:25  Queen  
  43  5:26  Baneling Nest  
  45  5:28  Drone x9  
  45  5:35  Drone x3  
  55  5:36  Drone x3  
  55  5:42  Evolution Chamber  
  58  5:43  Evolution Chamber  
  58  5:45  Overlord  
  57  5:50  Lair  
  57  5:52  Drone  
  57  5:53  Drone x3  
  57  5:55  Drone x2  
  63  5:59  Drone  
  63  6:03  Drone x3  
  67  6:08  Zerg Melee Weapons Level 1  
  67  6:09  Zerg Ground Armor Level 1  
  67  6:16  Overlord x2  
  66  6:19  Zergling x6  
  69  6:27  Zergling x2  
  69  6:28  Zergling x8  
  74  6:33  Zergling x2  
  74  6:34  Zergling x10  
  74  6:38  Baneling  
  74  6:39  Baneling x5  
  80  6:40  Zergling x2  
  80  6:45  Zergling x4  
  80  6:46  Baneling  
  83  6:47  Baneling x9  
  83  6:52  Zergling x8  
  83  6:53  Zergling x2  
  75  7:13  Zergling x2  
  75  7:14  Zergling x14  
  83  7:17  Baneling x2  
Tags
 
Matchup
TvZ
Opening
Pool First
Replay Pack
2025 replay dump
Spawn Locations
Cross Positions
Add a new tag
Caveats
  • Supply blocks, unpowered buildings, or Contaminate may cause inaccurate times.
  • Supply counts are checked every 10 seconds.